 Dungeon Crawl Stone Soup version 0.27-a0-1217-g8a41f320e8 (webtiles) character file.

Game seed: 13693411216244751602

37 polve the Cutter (level 3, -2/20 HPs)
             Began as a Demonspawn Abyssal Knight on June 5, 2021.
             Was a Follower of Lugonu.
             Slain by Sigmund
             ... wielding a +0 scythe
              (11 damage)
             ... on level 2 of the Dungeon.
             The game lasted 00:01:20 (2284 turns).

polve the Cutter (Demonspawn Abyssal Knight)        Turns: 2284, Time: 00:01:21

Health: -2/20      AC:  4    Str:  9    XL:     3   Next: 21%
Magic:  4/4        EV: 11    Int: 13    God:    Lugonu [*.....]
Gold:   35         SH:  0    Dex:  8    Spells: 1/2 levels left

rFire    . . .     SeeInvis .   a - +1 short sword
rCold    . . .     Faith    .   (no shield)
rNeg     . . .     Spirit   .   b - +0 leather armour
rPois    .         Reflect  .   h - +0 helmet
rElec    .         Harm     .   (no cloak)
rCorr    .         Rampage  .   (no gloves)
Will     .....     Rnd*Rage +   (no boots)
Stlth    +.........             (no amulet)
HPRegen  0.00/turn              (no ring)
MPRegen  0.09/turn              (no ring)

@: unable to read
A: foul stench 1, [berserk 2], [clumsy 2], [frail 3], [inhibited regeneration],
[weak 2], [inability to read while threatened]
a: Renounce Religion, Depart the Abyss


You were on level 2 of the Dungeon.
You worshipped Lugonu.
Lugonu was aware of your devotion.
You visited 1 branch of the dungeon, and saw 2 of its levels.
You visited the Abyss 1 time.

You collected 35 gold pieces.

Inventory:

Hand Weapons
 a - a +1 short sword (weapon)
Missiles
 k - 8 curare-tipped darts
Armour
 b - a +0 leather armour (worn)
 h - a +0 helmet (worn)
Scrolls
 c - a scroll of identify {unknown}
 d - a scroll of brand weapon {unknown}
 f - a scroll of magic mapping {unknown}
 g - 4 scrolls of enchant weapon {unknown}
 i - a scroll of fear {unknown}
 j - a scroll of acquirement {unknown}
Potions
 e - 2 potions of lignification {unknown}


   Skills:
 - Level 3.0 Fighting
 * Level 3.3 Short Blades
 - Level 1.7 Armour
 - Level 0.8 Dodging
 - Level 2.4 Invocations


You had one spell level left.
You knew the following spells:

 Your Spells              Type           Power      Damage    Failure   Level
a - Summon Small Mammal   Summ           0%         N/A       38%         1

Your spell library contained the following spells:

 Spells                   Type           Power      Damage    Failure   Level
 Call Imp                 Summ           0%         N/A       54%         2
 Call Canine Familiar     Summ           0%         N/A       77%         3
 Summon Guardian Golem    Hex/Summ       0%         N/A       77%         3
 Summon Ice Beast         Ice/Summ       0%         N/A       99%         4
 Summon Lightning Spire   Summ/Air       0%         N/A       99%         4


Dungeon Overview and Level Annotations

Branches:
Dungeon (2/15)

Altars:

Annotations:
D:2 Sigmund


Innate Abilities, Weirdness & Mutations

You may rarely emit foul miasma when damaged in melee.
[You often lose your temper in combat.]
[You are very clumsy. (Dex -4)]
[You are extremely frail. (-30% HP)]
[You do not regenerate when monsters are visible.]
[You are very weak. (Str -4)]
[You sometimes lose the ability to read scrolls when taking damage.]


Message History

You hit the goblin but do no damage.
The goblin is severely wounded.
The goblin hits you but does no damage.
You barely miss the goblin.
The goblin is severely wounded.
The goblin hits you with a +0 club.
You hit the goblin.
You kill the goblin!
Lugonu accepts your kill.
The ball python bites you but does no damage.
The ball python closely misses you.
You barely miss the ball python.
The ball python bites you but does no damage.
The ball python barely misses you.
You hit the ball python.
You kill the ball python!
Lugonu accepts your kill.
You hit the endoplasm.
The endoplasm is severely wounded.
The endoplasm barely misses you. Something hits you.
You are too injured to fight recklessly!
You are too injured to fight recklessly!
You are too injured to fight recklessly!
You are too injured to fight recklessly!
You are too injured to fight recklessly!
You are too injured to fight recklessly!
You are too injured to fight recklessly!
You are too injured to fight recklessly!
You are too injured to fight recklessly!
You are too injured to fight recklessly!
You hit the endoplasm.
The endoplasm is almost dead.
The endoplasm closely misses you. Something hits you.
You feel threatened and lose the ability to read scrolls!
You barely miss the endoplasm.
The endoplasm is almost dead.
The endoplasm freezes you.
You are frozen.
Something hits you!
Ouch! That really hurt!
You die...

##### #..(# ########
####...#########.......
.................#
####...########..#
##### #..# #..# ##@#
#J# #{# ... ... .....
..... #......


You could see an endoplasm.

Vanquished Creatures
  A dart slug (D:2)
  3 ball pythons (D:2)
  3 endoplasms
  A giant cockroach (D:1)
  3 goblins
  3 hobgoblins
  2 jackals (D:1)
  3 kobolds (D:1)
  2 quokkas (D:1)
  4 bats
  6 frilled lizards
  A rat (D:1)
32 creatures vanquished.

Notes
Turn   | Place    | Note
-------+----------+-------------------------------------------
     0 | Abyss:1  | polve the Demonspawn Abyssal Knight began the quest for the
                  | Orb.
     0 | Abyss:1  | Reached XP level 1. HP: 18/18 MP: 2/2
     2 | Abyss:1  | Found a corrupted altar of Lugonu.
    39 | Abyss:1  | Noticed a wretched star
    54 | D:1      | Escaped the Abyss
    88 | D:1      | Found a faded altar of an unknown god.
   452 | D:1      | Gained mutation: You may rarely emit foul miasma when
                  | damaged in melee. [demonic ancestry]
   452 | D:1      | Reached XP level 2. HP: 14/16 MP: 3/3
   580 | D:1      | Reached * piety under Lugonu
  1422 | D:1      | Learned a level 1 spell: Summon Small Mammal
  1888 | D:2      | Reached XP level 3. HP: 20/20 MP: 4/4
  2274 | D:2      | Noticed Sigmund
  2284 | D:2      | Slain by Sigmund

Illustrated notes

Levels and vault maps discovered:
D:1:      co_arrival_square_in_a_square_in_a_square, layout_basic,
          basic_ecumenical_altar
D:2:      kennysheep_big_flooded_room, layout_basic, uniq_sigmund

Skill      XL: |  1  2 |
---------------+-------+-----
Short Blades   | 2 3 |  3.3
Fighting       | |  3.0
Armour         | |  1.7
Dodging        | |  0.8
Invocations    | |  2.4

Action                   || total
-------------------------++-------
Melee: Short sword       ||   112
Invok: Depart the Abyss  ||     1
Armor: Leather armour    ||    29
Dodge: Dodged            ||    64

Table legend: (Time is in decaauts)
 A = Elapsed time spent in this place.
 B = Non-inter-level travel time spent in this place.
 C = Inter-level travel time spent in this place.
 D = Time resting spent in this place.
 E = Time spent auto-exploring this place.
 F = Levels seen in this place.
 G = Mean time per level.
                   A        B        C        D        E       F      G
               +--------+--------+--------+--------+--------+-----+--------+
         Total |   2316 |   2308 |      8 |      2 |   2022 |   3 |  772.0 |
       Dungeon |   2262 |   2254 |      8 |      2 |   1983 |   2 | 1131.0 |
         Abyss |     54 |     54 |      0 |      0 |     39 |   1 |   54.0 |
               +--------+--------+--------+--------+--------+-----+--------+

Top non-repeatable levels by time:
     D:1: 1611 daAuts
     D:2: 651 daAuts
 Abyss:1: 54 daAuts
